 Dungeon Crawl Stone Soup version 0.23.2-40-g277498a001 (webtiles) character file.

Game seed: 11858554943643285101

178 MalarOregon the Magician (level 5, 0/41 HPs)
             Began as a Draconian Wizard on Sept 28, 2019.
             Succumbed to a worker ant's poison
             ... on level 4 of the Dungeon.
             The game lasted 00:05:38 (3171 turns).

MalarOregon the Magician (Draconian Wizard)         Turns: 3171, Time: 00:05:38

Health: 0/41       AC:  6    Str:  9      XL:     5   Next: 32%
Magic:  4/11       EV: 12    Int: 19 (20) God:
Gold:   192        SH:  0    Dex:  8 (9)  Spells: 4/12 levels left

rFire    . . .     SeeInvis .   k - +0 dagger (drain)
rCold    + . .     Gourm    .   (no shield)
rNeg     . . .     Faith    .   (armour unavailable)
rPois    .         Spirit   .   a - +1 hat
rElec    .         Reflect  .   (no cloak)
rCorr    .         Harm     .   (no gloves)
MR       .....                  (no boots)
Stlth    +.........             (no amulet)
HPRegen  0.13/turn              o - ring of protection from cold
MPRegen  0.12/turn              (no ring)

@: lethally poisoned (0 -> -1), very slightly contaminated, lightly drained,
invisible
A: unfitting armour, cold-blooded, AC +5
a: no special abilities


You were on level 4 of the Dungeon.
You were not hungry.

You visited 1 branch of the dungeon, and saw 4 of its levels.

You collected 192 gold pieces.

Inventory:

Hand Weapons
 b - a cursed -2 mace
   (You found it on level 3 of the Dungeon)
 k - a +0 dagger of draining (weapon)
   (You took it off an orc on level 3 of the Dungeon)
Armour
 a - a +1 hat (worn)
Jewellery
 m - a +2 ring of strength {unknown}
   (You found it on level 3 of the Dungeon)
 o - a ring of protection from cold (left hand)
   (You found it on level 1 of the Dungeon)
Wands
 d - a wand of iceblast (9)
   (You found it on level 4 of the Dungeon)
Scrolls
 g - a scroll of amnesia
 i - a scroll of magic mapping {unknown}
 j - a scroll of identify {@r1}
 l - a scroll of fog
 p - 6 scrolls of teleportation {@r4}
Potions
 h - a potion of haste {@q3}
Comestibles
 e - 11 rations {!d}
 n - 4 chunks of flesh


   Skills:
 + Level 1.7(1.5) Fighting
 + Level 2.4(2.2) Dodging
 - Level 1.7(1.6) Stealth
 * Level 4.0(3.8) Spellcasting
 + Level 3.0(2.8) Conjurations
 + Level 1.9(1.7) Summonings
 - Level 1.0(0.8) Translocations


You had 4 spell levels left.
You knew the following spells:

 Your Spells              Type           Power        Failure   Level  Hunger
a - Magic Dart            Conj           ##..         4%          1    None
b - Blink                 Tloc           N/A          16%         2    ##.....
f - Mephitic Cloud        Conj/Pois/Air  #.......     28%         3    ###....
x - Call Imp              Summ           ##......     11%         2    ##.....

Your spell library contained the following spells:

 Spells                   Type           Power        Failure   Level  Hunger
 Slow                     Hex            #.......     22%         2    ##.....
 Conjure Flame            Conj/Fire      #.......     24%         3    ###....


Dungeon Overview and Level Annotations

Branches:
Dungeon (4/15)
 Temple: D:4-7

Altars:
Cheibriados
Dithmenos
Uskayaw


Innate Abilities, Weirdness & Mutations

Your plain brown scales are hard. (AC +5)
You cannot fit into any form of body armour.
You are cold-blooded and may be slowed by cold attacks.


Message History

The worker ant closely misses your white imp.
Your white imp hits the worker ant.
Your white imp freezes the worker ant.
* * * LOW HITPOINT WARNING * * *
You feel sick.
The worker ant completely misses your white imp.
Your white imp misses the worker ant.
* * * LOW HITPOINT WARNING * * *
You feel sick.
The worker ant closely misses your white imp.
Your white imp gestures at the worker ant.
The puff of frost hits the worker ant!
The worker ant dies!
Your base Spellcasting skill increases to level 4!
Your base Conjurations skill increases to level 3!
You start resting.
* * * LOW HITPOINT WARNING * * *
You feel sick.
You start resting.
* * * LOW HITPOINT WARNING * * *
You feel sick.
* * * LOW HITPOINT WARNING * * *
You feel sick.
* * * LOW HITPOINT WARNING * * *
You feel sick.
You start resting.
* * * LOW HITPOINT WARNING * * *
You feel sick.
Your magical contamination has completely faded away.
Your transformation is almost over.
You start resting.
* * * LOW HITPOINT WARNING * * *
You feel sick.
Your white imp disappears in a puff of smoke!
* * * LOW HITPOINT WARNING * * *
You feel sick.
* * * LOW HITPOINT WARNING * * *
You feel sick.
You feel less wooden.
Your +1 hat unmelds from your body.
There is a lethal amount of poison in your body!
There is a lethal amount of poison in your body!
Unknown command.
There is a lethal amount of poison in your body!
Unknown command.
It was a potion of cancellation.
You feel magically purged.
It was a potion of invisibility.
You fade into invisibility!
You are very lightly contaminated with residual magic.
There is a lethal amount of poison in your body!
You die...

#..## ##..#
#..## ####..##
####......##
#.........)##
.....#####...##
...# ##...###
.. ###@..### .
##....#
##.†.### #....#
#....# #.....#
#......#
#......##
#.......#


There were no monsters in sight!

Vanquished Creatures
  A scorpion (D:3)
  2 adders (D:2)
  3 dart slugs
  A leopard gecko (D:2)
  8 orcs
  A ball python (D:3)
  3 giant cockroaches
  5 goblins
  5 hobgoblins
  4 jackals
  A quokka (D:4)
  5 bats
  3 frilled lizards
  7 kobolds
  7 rats
56 creatures vanquished.

Vanquished Creatures (collateral kills)
  A crimson imp (D:3)
  A worker ant (D:4)
  An adder (D:3)
3 creatures vanquished.

Grand Total: 59 creatures vanquished

Notes
Turn   | Place    | Note
-------+----------+-------------------------------------------
     0 | D:1      | MalarOregon the Draconian Wizard began the quest for the
                  | Orb.
     0 | D:1      | Reached XP level 1. HP: 14/14 MP: 4/4
   318 | D:1      | Reached XP level 2. HP: 20/20 MP: 1/6
   389 | D:1      | Learned a level 2 spell: Call Imp
   917 | D:2      | Reached XP level 3. HP: 27/27 MP: 4/7
  1047 | D:2      | Learned a level 2 spell: Blink
  1051 | D:2      | Learned a level 3 spell: Mephitic Cloud
  1484 | D:2      | Found a shadowy altar of Dithmenos.
  1854 | D:3      | Reached XP level 4. HP: 34/34 MP: 1/9
  1968 | D:3      | Reached skill level 1 in Fighting
  1997 | D:3      | Found a snail-covered altar of Cheibriados.
  2686 | D:3      | Reached XP level 5. HP: 36/40 MP: 10/10
  3017 | D:4      | Found a hide-covered altar of Uskayaw.
  3148 | D:4      | Reached skill level 4 in Spellcasting
  3155 | D:4      | HP: 3/61 [poisoned by a worker ant]
  3160 | D:4      | HP: 2/61 [poisoned by a worker ant]
  3167 | D:4      | HP: 1/61 [poisoned by a worker ant]
  3171 | D:4      | Succumbed to a worker ant's poison

Skill      XL: |  1  2  3  4  5 |
---------------+----------------+-----
Conjurations   | 2 3 |  3.0
Dodging        | 2 |  2.4
Fighting       | 1 |  1.7
Spellcasting   | 4 |  4.0
Stealth        | |  1.7
Summonings     | |  1.9
Translocations | |  1.0

Action                   |  1- 3 |  4- 6 || total
-------------------------+-------+-------++-------
Melee: Short sword       |   121 |    13 ||   134
       Tailslap          |    13 |     3 ||    16
       Dagger            |       |    40 ||    40
 Cast: Magic Dart        |    61 |    24 ||    85
       Call Imp          |     2 |     3 ||     5
  Use: Potion            |     3 |     3 ||     6
       Scroll            |       |     7 ||     7
 Stab: Sleeping          |       |     3 ||     3
  Eat: Chunk             |     2 |     5 ||     7
Armor: Skin              |    41 |    17 ||    58
Dodge: Dodged            |    77 |    41 ||   118
